 Dungeon Sprint DCSS version 0.30-a0-711-gf4ac18a38d (webtiles) character file.

Game seed: 13490308776645295703

132 rocky1 the Basher (level 9, -3/65 HPs)
             Began as a Gargoyle Fighter on Jan 22, 2023.
             Was an Initiate of Gozag.
             Slain by a hellwing (8 damage)
             ... in the Dungeon (Sprint VI: "Thunderdome") on Jan 23, 2023.
             The game lasted 00:07:16 (695 turns).

rocky1 the Basher (Gargoyle Fighter)                 Turns: 695, Time: 00:07:17

Health: -3/65      AC: -5    Str: 23    XL:     9   Next: 30%
Magic:  0/9        EV: 14    Int: 16    God:    Gozag
Gold:   346        SH:  8    Dex: 22    Spells: 8/8 levels left

rFire   . . .      SeeInvis +    d - +0 demon whip
rCold   + . .      Faith    .    c - +0 buckler
rNeg    + . .      Spirit   +    b - +0 scale mail
rPois   ∞          Reflect  .    (no helmet)
rElec   +          Harm     .    (no cloak)
rCorr   .          Rampage  .    (no gloves)
Will    .....      NoTele   +    (no boots) Stlth
                                 i - amulet of Rux Foek {Spirit rPois rC+ SInv}
HPRegen 0.30/turn                q - ring of Vanity {rElec EV+5 Dex+9}
MPRegen 0.11/turn                o - ring "Malepir" {Int+6 Dex+4}

@: mighty, corroded, gold aura, hasted, very quick
A: sickness immunity, AC +6, negative energy resistance 1, electricity
resistance, torment resistance 1, petrification resistance
a: Renounce Religion, Potion Petition, Call Merchant, Bribe Branch


You were in the Dungeon.
You worshipped Gozag.
Gozag was aware of your devotion.
You visited 1 branch You collected 1399 gold pieces.
You spent 1053 gold pieces at shops.

Inventory:

Hand Weapons
 a - a +0 flail
 d - a +0 demon whip (weapon)
Armour
 b - a +0 scale mail (worn)
 c - a +0 buckler (worn)
Jewellery
 i - the amulet of Rux Foek (around neck) {Spirit rPois rC+ SInv}
   (You bought it in a shop in the Dungeon)

   [amulet of guardian spirit]

   It causes incoming damage to be divided between your reserves of health and
   magic.
   rC:        It protects you from cold.
   rPois:     It protects you from poison.
   SInv:      It lets you see invisible.
 o - the ring "Malepir" (right hand) {Int+6 Dex+4}
   (You bought it in a shop in the Dungeon)

   [ring of intelligence]

   Int:       It affects your intelligence (+6).
   Dex:       It affects your dexterity (+4).
 p - the amulet "Veib" {Faith rPois Will+ rCorr MP+9}
   (You bought it in a shop in the Dungeon)

   [amulet of faith]

   It allows you to gain divine favour quickly.
   rPois:     It protects you from poison.
   MP:        It affects your magic capacity (+9).
   rCorr:     It protects you from acid and corrosion.
   Will:      It increases your willpower.
 q - the ring of Vanity (left hand) {rElec EV+5 Dex+9}
   (You bought it in a shop in the Dungeon)

   [ring of evasion]

   EV:        It affects your evasion (+5).
   Dex:       It affects your dexterity (+9).
   rElec:     It insulates you from electricity.
 r - the amulet of Hent {Reflect Rampage *Slow rF- SH+5 SInv}
   (You bought it in a shop in the Dungeon)

   [amulet of reflection]

   It reflects blocked missile attacks.
   rF:        It makes you vulnerable to fire.
   SInv:      It lets you see invisible.
   *Slow:     It may slow you when you take damage.
   SH:        It affects your SH (+5).
   Rampage:   It bestows one free step when moving towards enemies.
Wands
 l - a wand of acid (4)
 m - a wand of iceblast (3)
Scrolls
 j - 3 scrolls of blinking
 n - 3 scrolls of fog
Potions
 e - a potion of curing
 g - 5 potions of haste
 h - 2 potions of magic
 k - a potion of resistance
 s - 5 potions of might


   Skills:
 + Level 11.7 Fighting
 * Level 13.7 Maces & Flails
 - Level 7.2 Armour
 + Level 11.7 Shields


You had 8 spell levels left.
You didn't know any spells.
Your spell library was empty.

Dungeon Overview and Level Annotations

Branches:
Dungeon (1/1)

Altars:
Cheibriados
Dithmenos
Fedhas
Gozag
Kikubaaqudgha
Makhleb
Okawaru
Qazlal
Ru
Sif Muna
Trog
Uskayaw
Vehumet
Wu Jian
Xom
Yredelemnul
Zin
The Shining One
Lugonu

Shops:
D *[??*?*:[((!!!!


Innate Abilities, Weirdness & Mutations

You are immune to sickness and miasma.
Your stone body is resilient. (AC +6)
You are immune to poison.
You resist negative energy. (rN+)
You are resistant to electric shocks. (rElec)
You are resistant to unholy torment.
You are immune to petrification.


Message History

You feel much better.
You barely miss the rust devil.
The rust devil is moderately wounded.
The hellwing hits you! The hellwing hits you. The rust devil hits you.
The rust devil corrodes you!
You hit the rust devil but do no damage.
The rust devil is moderately wounded.
You whack the rust devil!
The rust devil is severely wounded.
You closely miss the rust devil.
The rust devil is severely wounded.
The hellwing barely misses you. The hellwing misses you.
The rust devil closely misses you.
You hit the rust devil but do no damage.
The rust devil is severely wounded.
You hit the rust devil but do no damage.
The rust devil is severely wounded.
You block the hellwing's attack. The hellwing hits you.
* * * LOW HITPOINT WARNING * * *
The rust devil misses you.
You whack the rust devil!
The rust devil is almost dead.
You hit the rust devil but do no damage.
The rust devil is almost dead.
You barely miss the rust devil.
The rust devil is almost dead.
You block the hellwing's attack. x2; The rust devil barely misses you.
You hit the rust devil but do no damage.
The rust devil is almost dead.
You hit the rust devil but do no damage.
The rust devil is almost dead.
You whack the rust devil!
You kill the rust devil!
The hellwing closely misses you. You block the hellwing's attack.
You see here 63 gold pieces.
You barely miss the hellwing. The hellwing hits you!
* * * LOW HITPOINT WARNING * * *
The hellwing hits you!
You die...
Your body crumbles into a pile of gold.

##### ##⌠⌠⌠## #.....# ##..)..##
##∩.....∩## #∩.......∩#
#_..[$@.._# #.)..4..._#
#_......._# ###.........###
#⌠.[.........⌠#
######.8.........8.######
##._._......###......___∩##
###∩........8.# #.8........∩###
#.............###.............##


You could see a hellwing.

Vanquished Creatures
  2 rust devils (D)
  An ice devil (D)
  2 hellwings (D)
  2 redbacks (D)
  A wolf (D)
  3 necrophages (D)
  2 gnoll sergeants (D)
  3 scorpions (D)
  A hound (D)
  2 gnolls (D)
  An adder skeleton (D)
  A ball python zombie (D)
21 creatures vanquished.

Notes
Turn   | Place    | Note
-------+----------+-------------------------------------------
     0 | D        | rocky1 the Gargoyle Fighter began the quest for the Orb.
     0 | D        | Reached XP level 1. HP: 14/14 MP: 1/1
     4 | D        | Found an iron altar of Okawaru.
     5 | D        | Round 1.
     6 | D        | Found a shadowy altar of Dithmenos.
     6 | D        | Found a glowing silver altar of Zin.
     7 | D        | Found an ancient bone altar of Kikubaaqudgha.
     7 | D        | Found a blossoming altar of Fedhas.
     7 | D        | Found Voloysm's Identification Station.
     8 | D        | Found Ebogihie's Jewellery.
     8 | D        | Found Buanogud's Advanced Armour.
    12 | D        | Found an ornate altar of the Wu Jian Council.
    12 | D        | Noticed a necrophage
    13 | D        | Found a radiant altar of Vehumet.
    14 | D        | Found Acliat's Premium Goods.
    29 | D        | Killed a necrophage
    30 | D        | Reached skill level 5 in Fighting
    30 | D        | Reached skill level 4 in Maces & Flails
    30 | D        | Reached skill level 5 in Armour
    30 | D        | Reached skill level 5 in Shields
    30 | D        | Reached XP level 2. HP: 18/21 MP: 2/2
    30 | D        | Reached XP level 3. HP: 23/26 MP: 3/3
    30 | D        | Reached XP level 4. HP: 27/31 MP: 4/4
    30 | D        | Found a burning altar of Makhleb.
    30 | D        | Found a shimmering blue altar of Sif Muna.
    30 | D        | Found Vanypter's Weapon Rack.
    30 | D        | Found Welioq's Miscellaneous Merchandise.
    30 | D        | Found Qohea's Basic Armour.
    33 | D        | Noticed a necrophage
    34 | D        | Found a basalt altar of Yredelemnul.
    35 | D        | Found a glowing golden altar of the Shining One.
    36 | D        | Found a hide-covered altar of Uskayaw.
    37 | D        | Found Junoz's Do-It-Yourself Clinic.
    38 | D        | Found Deesef's Bottled Wisdom.
    38 | D        | Found Aja Temi's Distillery.
    38 | D        | Found a snail-covered altar of Cheibriados.
    38 | D        | Found an opulent altar of Gozag.
    38 | D        | Found a sacrificial altar of Ru.
    38 | D        | Found Vexem's Distillery.
    45 | D        | Killed a necrophage
    46 | D        | Reached skill level 5 in Maces & Flails
    46 | D        | Reached XP level 5. HP: 16/36 MP: 5/5
    49 | D        | Found a stormy altar of Qazlal.
    53 | D        | Became a worshipper of Gozag Ym Sagoz the Greedy
    58 | D        | Found a corrupted altar of Lugonu.
    60 | D        | Found a bloodstained altar of Trog.
    60 | D        | Found Beogguj's Staff Store.
    62 | D        | Found a shimmering altar of Xom.
    62 | D        | Found Iffuh's Magic Scroll Shop.
    63 | D        | Found Diowyc's Must-Have Magic.
    63 | D        | Found Idyxium's Magic Scroll Shop.
   164 | D        | Reached skill level 6 in Maces & Flails
   168 | D        | Arena points: 12 (+12) [x2]
   213 | D        | Round 2.
   215 | D        | Noticed a redback
   220 | D        | Reached skill level 7 in Maces & Flails
   220 | D        | Reached XP level 6. HP: 41/44 MP: 6/6
   231 | D        | Noticed a redback
   247 | D        | Killed a redback
   248 | D        | Reached skill level 8 in Maces & Flails
   249 | D        | Reached skill level 9 in Maces & Flails
   249 | D        | Reached XP level 7. HP: 35/50 MP: 7/7
   268 | D        | Killed a redback
   268 | D        | Arena points: 48 (+36) [x3]
   284 | D        | Bought a +0 demon whip for 450 gold pieces
   298 | D        | Round 3.
   314 | D        | Bought a clouded golden amulet for 45 gold pieces
   314 | D        | Identified the amulet of Rux Foek {Spirit rPois rC+ SInv}
                  | (You bought it in a shop in the Dungeon)
   314 | D        | Bought a heavily runed brass ring for 45 gold pieces
   314 | D        | Identified the ring "Malepir" {Int+6 Dex+4} (You bought it
                  | in a shop in the Dungeon)
   314 | D        | Bought a pitted graven amulet for 45 gold pieces
   314 | D        | Identified the amulet "Veib" {Faith rPois Will+ rCorr MP+9}
                  | (You bought it in a shop in the Dungeon)
   314 | D        | Bought a heavily runed golden ring for 45 gold pieces
   314 | D        | Identified the ring of Vanity {rElec EV+5 Dex+9} (You
                  | bought it in a shop in the Dungeon)
   314 | D        | Bought a slimy pewter amulet for 45 gold pieces
   314 | D        | Identified the amulet of Hent {Reflect Rampage *Slow rF-
                  | SH+5 SInv} (You bought it in a shop in the Dungeon)
   330 | D        | Reached skill level 10 in Maces & Flails
   426 | D        | Reached skill level 11 in Maces & Flails
   426 | D        | Reached XP level 8. HP: 31/57 MP: 3/8
   443 | D        | Arena points: 132 (+84) [x4]
   476 | D        | Bought 6 potions of might for 168 gold pieces
   476 | D        | Bought 3 potions of haste for 210 gold pieces
   513 | D        | Round 4.
   530 | D        | Noticed a hellwing
   543 | D        | Upgraded the game from 0.30-a0-702-gdf48620a09 to
                  | 0.30-a0-711-gf4ac18a38d
   559 | D        | Killed a hellwing
   560 | D        | Reached skill level 10 in Fighting
   560 | D        | Reached skill level 10 in Shields
   606 | D        | Noticed a hellwing
   619 | D        | Killed a hellwing
   620 | D        | Reached skill level 12 in Maces & Flails
   625 | D        | Noticed a rust devil
   648 | D        | Killed a rust devil
   657 | D        | Noticed a hellwing
   657 | D        | Noticed a rust devil
   658 | D        | Noticed an ice devil
   673 | D        | Killed an ice devil
   674 | D        | Reached skill level 13 in Maces & Flails
   674 | D        | Reached XP level 9. HP: 44/64 MP: 6/9
   693 | D        | Killed a rust devil
   695 | D        | Slain by a hellwing

Illustrated notes

Levels and vault maps discovered:
D:        arena_sprint

Skill      XL: |  1  2  3  4  5  6  7  8 |
---------------+-------------------------+-----
Fighting       | 5 6 7 8 9 11 | 11.7
Maces & Flails | 4 5 7 9 11 13 | 13.7
Armour         | 5 6 7 |  7.2
Shields        | 5 6 7 8 9 11 | 11.7

Action                     |  1- 3 |  4- 6 |  7- 9 || total
---------------------------+-------+-------+-------++-------
  Melee: Flail             |    13 |    46 |     6 ||    65
         Demon whip        |       |       |   118 ||   118
  Evoke: Wand              |       |     2 |     1 ||     3
    Use: Potion            |     1 |     3 |     5 ||     9
         Scroll            |       |     1 |       ||     1
 Armour: Scale mail        |     5 |    28 |    18 ||    51
  Dodge: Dodged            |     3 |    24 |    48 ||    75
  Block: Buckler           |       |    10 |    16 ||    26

Table legend: (Time is in decaauts)
 A = Elapsed time spent in this place.
 B = Non-inter-level travel time spent in this place.
 C = Inter-level travel time spent in this place.
 D = Time resting spent in this place.
 E = Time spent auto-exploring this place.
 F = Levels seen in this place.
 G = Mean time per level.
                   A        B        C        D        E       F      G
               +--------+--------+--------+--------+--------+-----+--------+
         Total |    635 |    635 |      0 |     71 |      0 |   1 |  635.0 |
       Dungeon |    635 |    635 |      0 |     71 |      0 |   1 |  635.0 |
               +--------+--------+--------+--------+--------+-----+--------+

Top non-repeatable levels by time:
       D: 635 daAuts
